 Dungeon Crawl Stone Soup version 0.21.1-1-g345015f (webtiles) character file.

408 craydon the Chopper (level 6, -6/53 HPs)
             Began as a Minotaur Fighter on June 9, 2018.
             Mangled by an ogre
             ... wielding a +0 giant spiked club
              (19 damage)
             ... on level 4 of the Dungeon.
             The game lasted 00:35:26 (3040 turns).

craydon the Chopper (Minotaur Fighter)              Turns: 3040, Time: 00:35:27

Health: -6/53      AC:  7    Str: 27    XL:     6   Next: 57%
Magic:  5/5        EV:  8    Int:  5    God:
Gold:   147        SH: 10    Dex: 10    Spells: 5/5 levels left

rFire    . . .     SeeInvis .   a - +0 war axe
rCold    . . .     Gourm    .   c - +0 shield
rNeg     . . .     Faith    .   b - +0 scale mail
rPois    .         Spirit   .   (helmet restricted)
rElec    .         Reflect  .   (no cloak)
rCorr    .         Harm     .   (no gloves)
MR       .....                  (no boots)
Stlth    ..........             (no amulet)
HPRegen  0.17/turn              (no ring)
MPRegen  0.09/turn              (no ring)

@: mighty
A: retaliatory headbutt, horns 2
a: no special abilities


You were on level 4 of the Dungeon.
You were not hungry.

You visited 1 branch of the dungeon, and saw 4 of its levels.

You collected 147 gold pieces.

Inventory:

Hand Weapons
 a - a +0 war axe (weapon)
 i - a +2 dagger of venom
 l - a +0 mace of crushing
 x - a +0 dagger
 y - a +0 hunting sling
 z - a +4 quarterstaff of chaos
 D - a cursed -1 short sword
Missiles
 j - 88 stones (quivered)
Armour
 b - a +0 scale mail (worn)
 c - a +0 shield (worn)
Wands
 w - a wand of flame (36)
Scrolls
 g - a scroll of teleportation {unknown}
 k - 5 scrolls of immolation
 m - 3 scrolls of enchant weapon {unknown}
 o - 2 scrolls of fear {unknown}
 q - a scroll of fog {unknown}
 s - a scroll of random uselessness {unknown}
Potions
 d - 4 potions of might
 e - 2 potions of flight
 h - a potion of berserk rage {unknown}
 p - 3 potions of lignification {unknown}
 t - 2 potions of brilliance {unknown}
 v - a potion of cancellation {unknown}
 F - 2 potions of degeneration {unknown}
 G - a potion of agility {unknown}
Books
 C - a book of Necromancy

   Spells                             Type                      Level
   a - Pain                           Necromancy                   1
   b - Animate Skeleton               Necromancy                   1
   c - Vampiric Draining              Necromancy                   3
   d - Regeneration                   Charms/Necromancy            3
   e - Animate Dead                   Necromancy                   4
   f - Borgnjor's Vile Clutch         Necromancy/Earth             5
Comestibles
 f - 11 rations


   Skills:
 + Level 4.4 Fighting
 * Level 7.0 Axes
 + Level 4.6 Armour
 + Level 4.6 Shields


You had 5 spell levels left.
You didn't know any spells.

Dungeon Overview and Level Annotations

Branches:
Dungeon (4/15)
 Temple: D:4-7

Altars:
Dithmenos
Hepliaklqana
Nemelex Xobeh
Ru
Trog


Innate Abilities, Weirdness & Mutations

You reflexively headbutt those who attack you in melee.
You have a pair of horns on your head.


Message History

There is an open door here.
Found 18 stones.
You slash the hound!
You kill the hound!
Your Axes skill increases to level 7!
You now have 147 gold pieces (gained 10).
d - 5 potions of might (gained 2)
An ogre comes into view. It is wielding a giant spiked club.
You see here 18 stones.
Press: ? - help, v - describe, . - travel The floor.
The ogre hits you with a giant spiked club!
You completely miss the ogre.
The ogre hits you with a giant spiked club!!
Ouch! That really hurt!
* * * LOW HITPOINT WARNING * * *
You feel very mighty all of a sudden. You block the ogre's attack.
The ogre hits you with a giant spiked club!!
You die...

#........###..##..#
#........# .......#
#........##.......#
#........##.......#
#........###+#+#..#
#........# ...
#........# ..
#######'#######
#......@......#
#......†O.....#
#.............#
#......§......#
#.............#
#.............#
#...≈.(≈..≈...#
#......(......#
#.............#


You could see an ogre.

Vanquished Creatures
  Sigmund (D:4)
  Crazy Yiuf (D:2)
  A hound (D:4)
  3 orc wizards (D:4)
  Robin (D:2)
  2 adders (D:2)
  2 adder skeletons
  2 dart slugs
  2 orcs
  3 giant cockroaches
  16 goblins
  4 hobgoblins
  4 jackals
  A quokka (D:2)
  2 ball pythons
  4 bats
  A frilled lizard (D:3)
  5 kobolds
  6 rats
61 creatures vanquished.

Notes
Turn   | Place    | Note
-------+----------+-------------------------------------------
     0 | D:1      | craydon the Minotaur Fighter began the quest for the Orb.
     0 | D:1      | Reached XP level 1. HP: 19/19 MP: 0/0
   229 | D:1      | Reached XP level 2. HP: 27/27 MP: 1/1
   505 | D:1      | Reached skill level 3 in Axes
  1093 | D:2      | Reached XP level 3. HP: 32/33 MP: 2/2
  1171 | D:2      | Found a shadowy altar of Dithmenos.
  1358 | D:2      | Found a hazy altar of Hepliaklqana.
  1358 | D:2      | Found a bloodstained altar of Trog.
  1510 | D:2      | Reached skill level 4 in Axes
  1581 | D:2      | Noticed Robin
  1601 | D:2      | Reached XP level 4. HP: 28/40 MP: 3/3
  1603 | D:2      | Killed Robin
  1703 | D:2      | Found a sparkling altar of Nemelex Xobeh.
  1840 | D:2      | Found a runed door.
  1844 | D:2      | Noticed Crazy Yiuf
  1848 | D:2      | Killed Crazy Yiuf
  2168 | D:3      | Reached skill level 5 in Axes
  2182 | D:3      | Found a sacrificial altar of Ru.
  2331 | D:3      | You fall through a shaft!
  2342 | D:4      | Reached XP level 5. HP: 20/46 MP: 4/4
  2577 | D:4      | Noticed Sigmund
  2589 | D:4      | Killed Sigmund
  2589 | D:4      | Reached skill level 6 in Axes
  2589 | D:4      | Reached XP level 6. HP: 19/53 MP: 5/5
  3000 | D:4      | Reached skill level 7 in Axes
  3040 | D:4      | Mangled by an ogre

Skill      XL: |  1  2  3  4  5  6 |
---------------+-------------------+-----
Armour         | 4 |  4.6
Axes           | 3 4 5 6 7 |  7.0
Shields        | 4 |  4.6
Fighting       | 4 |  4.4

Action                   |  1- 3 |  4- 6 || total
-------------------------+-------+-------++-------
Melee: War axe           |    93 |    41 ||   134
       Headbutt          |    11 |    12 ||    23
Evoke: Wand              |     1 |       ||     1
  Use: Scroll            |       |     4 ||     4
       Potion            |       |     1 ||     1
  Eat: Chunk             |     1 |     3 ||     4
       Ration            |       |     1 ||     1
Armor: Scale mail        |    40 |    29 ||    69
Dodge: Dodged            |    27 |     7 ||    34
Block: Shield            |    44 |    25 ||    69
